 Dungeon Crawl Stone Soup version 0.30-a0-779-g7971cf19c3 (webtiles) character file.

Game seed: 12269501612813823563

8733 Anon1729 the Cleaver (level 11, -3/99 HPs)
             Began as a Minotaur Monk on Feb 17, 2023.
             Was a High Priest of Trog.
             Slain by a catoblepas (4 damage)
             ... while petrified by a catoblepas
             ... on level 1 of the Lair of Beasts.
             The game lasted 00:07:27 (7072 turns).

Anon1729 the Cleaver (Minotaur Monk)                Turns: 7072, Time: 00:07:27

Health: -3/99      AC:  7    Str: 21    XL:     11   Next: 13%
Magic:  10/10      EV:  2    Int:  7    God:    Trog [*****.]
Gold:   408        SH:  0    Dex: 12    Spells: 10/10 levels left

rFire   . . .      SeeInvis .    M - +1 battleaxe (freeze)
rCold   . . .      Faith    .    (shield currently unavailable)
rNeg    + + +      Spirit   .    j - +0 troll leather armour
rPois   ∞          Reflect  .    (helmet restricted)
rElec   .          Harm     .    (no cloak)
rCorr   +          Rampage  .    s - +0 pair of gloves
Will    .....                    (no boots)
Stlth   +                        T - amulet of regeneration
HPRegen 1.96/turn                g - ring of resist corrosion
MPRegen 0.12/turn                R - +5 ring of evasion

@: petrified
A: horns 2, retaliatory headbutt
a: Renounce Religion, Berserk, Trog's Hand, Brothers in Arms


You were on level 1 of the Lair of Beasts.
You worshipped Trog.
Trog was extremely pleased with you.
You visited 2 branches of the dungeon, and saw 10 of its levels.
You also visited: Sewer.

You collected 408 gold pieces.

Inventory:

Hand Weapons
 a - a +0 hand axe
 d - a +2 whip of electrocution
 y - a +0 battleaxe
 z - the +3 bardiche of Jonannal {flame, *Rage rC+ Dex+4}
   (You found it in a sewer)

   Dex:       It affects your dexterity (+4).
   rC:        It protects you from cold.
   *Rage:     It berserks you when you make melee attacks (+20% chance).
 M - a +1 battleaxe of freezing (weapon)
Missiles
 E - 5 curare-tipped darts (quivered)
Armour
 b - a +0 robe
 j - a +0 troll leather armour (worn)
 s - a +0 pair of gloves (worn)
Jewellery
 g - a ring of resist corrosion (left hand)
 C - an amulet of the acrobat
 D - a ring of flight
 Q - a ring of magical power
 R - a +5 ring of evasion (right hand)
 S - a ring of magical power
 T - an amulet of regeneration (around neck)
Wands
 t - a wand of iceblast (13)
 I - a wand of polymorph (9)
 J - a wand of digging (7)
 N - a wand of mindburst (20)
Scrolls
 h - a scroll of noise {unknown}
 i - 7 scrolls of enchant armour {unknown}
 l - a scroll of magic mapping {unknown}
 n - a scroll of fog {unknown}
 o - 4 scrolls of identify {unknown}
 r - 2 scrolls of enchant weapon {unknown}
 v - 5 scrolls of teleportation
 w - 2 scrolls of summoning {unknown}
 x - 3 scrolls of blinking
 A - 2 scrolls of torment {unknown}
 K - a scroll of vulnerability {unknown}
 L - a scroll of fear {unknown}
Potions
 c - 3 potions of ambrosia
 e - a potion of degeneration {unknown}
 f - 2 potions of magic {unknown}
 k - 2 potions of attraction {unknown}
 m - 3 potions of brilliance {unknown}
 p - 3 potions of might {unknown}
 q - 3 potions of curing {unknown}
 u - 2 potions of haste {unknown}
 B - 4 potions of heal wounds {unknown}
 F - 4 potions of lignification {unknown}
 G - a potion of flight {unknown}
 H - a potion of mutation {unknown}
 O - a potion of cancellation {unknown}
 P - a potion of berserk rage {unknown}


   Skills:
 + Level 10.1 Fighting
 + Level 10.1(11.6) Axes
 + Level 9.1(11.1) Maces & Flails
 + Level 9.3 Armour
 + Level 9.2 Dodging
 - Level 1.5 Stealth


You had 10 spell levels left.
You didn't know any spells.
Your spell library was empty.

Dungeon Overview and Level Annotations

Branches:
Dungeon (9/15)             Temple (0/1) D:4            Lair (1/5) D:9
  Sewer (visited)
    Orc: D:9-12

Altars:
Ashenzari
Cheibriados
Fedhas
Hepliaklqana
Kikubaaqudgha
Nemelex Xobeh
Ru
Sif Muna
Trog
Vehumet
Yredelemnul

Shops:
D:4 *

Annotations:
Lair:1 1 transporter


Innate Abilities, Weirdness & Mutations

You have a pair of horns on your head.
You reflexively headbutt those who attack you in melee.


Message History

The catoblepas is moderately wounded.
The komodo dragon is no longer moving slowly.
The komodo dragon stops moving altogether!
The catoblepas breathes a plume of calcifying dust at you.
The blast of calcifying dust hits you.
You hit the catoblepas. You freeze the catoblepas.
The catoblepas is moderately wounded.
You are engulfed in calcifying dust.
You are slowing down.
The catoblepas gores you!!
Unknown command.
Unknown command.
The catoblepas gores you!
Your limbs are stiffening.
Unknown command.
Unknown command.
Unknown command.
Unknown command.
You slice the catoblepas!! You freeze the catoblepas.
The catoblepas is severely wounded.
The catoblepas gores you but does no damage.
The catoblepas gores you!!
You have turned to stone.
The catoblepas breathes a plume of calcifying dust at you.
The blast of calcifying dust hits you.
You are engulfed in calcifying dust.
The komodo dragon is no longer petrified.
The catoblepas gores you!!
You are engulfed in calcifying dust.
The komodo dragon bites you.
The catoblepas breathes a plume of calcifying dust at you.
The blast of calcifying dust hits you.
You are engulfed in calcifying dust.
The komodo dragon bites you!! The catoblepas gores you!!
* * * LOW HITPOINT WARNING * * *
The komodo dragon bites you!
* * * LOW HITPOINT WARNING * * *
The catoblepas gores you!!
* * * LOW HITPOINT WARNING * * *
The komodo dragon bites you.
* * * LOW HITPOINT WARNING * * *
The catoblepas gores you!
You die...

###.......##
#####..........#
...............#
P...............
#..............#
#.............#
#....Yl.....P#
#..@....# ##..#####
##.# #####.##
##......## ##
#........#####.##
#...............##
..................#
.................#


You could see a catoblepas and a komodo dragon.

Vanquished Creatures
  3 death yaks (D:9)
  A two-headed ogre (D:9)
  2 polar bears (Lair:1)
  Sigmund (D:4)
  A wraith (D:9)
  13 yaks
  Menkaure (D:4)
  An acid dragon (D:9)
  4 water moccasins
  An orc warrior (D:7)
  A black bear (D:4)
  An ice beast (D:6)
  A sky beast (D:7)
  An ogre (D:7)
  2 centaurs
  A kobold brigand (D:9)
  8 bullfrogs
  4 scorpions
  A gnoll sergeant (D:7)
  7 wights
  3 killer bees (D:9)
  2 howler monkeys (D:8)
  4 jellies
  4 orc priests
  A gnoll bouda (D:8)
  Natasha (D:4)
  6 iguanas
  5 orc wizards
  A hell rat (D:9)
  Ijyb (D:4)
  14 adders
  17 gnolls
  2 river rats (D:4)
  A shadow imp (D:5)
  3 ufetubi
  4 worms (D:4)
  A dart slug (D:4)
  34 orcs
  11 endoplasms
  13 giant cockroaches
  11 goblins
  5 hobgoblins
  16 kobolds
  9 quokkas
  8 ball pythons
  10 bats
  9 frilled lizards
  7 rats
258 creatures vanquished.

Vanquished Creatures (others)
  6 fungi (D:7)
  12 plants
18 creatures vanquished.

Grand Total: 276 creatures vanquished

Notes
Turn   | Place    | Note
-------+----------+-------------------------------------------
     0 | D:1      | Anon1729 the Minotaur Monk began the quest for the Orb.
     0 | D:1      | Reached XP level 1. HP: 19/19 MP: 0/0
   192 | D:1      | Reached skill level 1 in Maces & Flails
   226 | D:1      | Found a faded altar of an unknown god.
   229 | D:1      | Reached XP level 2. HP: 27/27 MP: 1/1
   236 | D:1      | Prayed at the altar of an unknown god.
   236 | D:1      | Became a worshipper of Trog the Wrathful
   236 | D:1      | Reached * piety under Trog
   236 | D:1      | Reached ** piety under Trog
   363 | D:1      | Reached skill level 1 in Armour
   366 | D:1      | Reached *** piety under Trog
   847 | D:2      | Reached XP level 3. HP: 33/33 MP: 2/2
  1464 | D:3      | Reached XP level 4. HP: 40/40 MP: 3/3
  1637 | D:3      | Found a bloodstained altar of Trog.
  1646 | D:3      | Found a sacrificial altar of Ru.
  1652 | D:3      | Found a broken altar of Ashenzari.
  1652 | D:3      | Found a snail-covered altar of Cheibriados.
  1659 | D:3      | Found a sparkling altar of Nemelex Xobeh.
  2105 | D:4      | Reached **** piety under Trog
  2106 | D:4      | Noticed a black bear
  2111 | D:4      | Killed a black bear
  2112 | D:4      | Reached XP level 5. HP: 47/47 MP: 4/4
  2152 | D:4      | Reached skill level 5 in Axes
  2152 | D:4      | Reached XP level 6. HP: 50/55 MP: 5/5
  2152 | D:4      | Noticed Menkaure
  2163 | D:4      | Killed Menkaure
  2164 | D:4      | Reached skill level 5 in Fighting
  2197 | D:4      | Found a staircase to the Ecumenical Temple.
  2244 | D:4      | Noticed Sigmund
  2263 | D:4      | Killed Sigmund
  2264 | D:4      | Reached XP level 7. HP: 43/61 MP: 6/6
  2313 | D:4      | Reached skill level 5 in Dodging
  2371 | D:4      | Found a glowing drain.
  2378 | Sewer    | Entered a sewer
  2613 | Sewer    | Reached ***** piety under Trog
  2622 | Sewer    | Identified the +3 bardiche of Jonannal {flame, *Rage rC+
                  | Dex+4}
  2715 | D:4      | Noticed Natasha
  2722 | D:4      | Killed Natasha
  2741 | D:4      | Found Bempoin's Serpentskin Sales.
  2750 | D:4      | Reached XP level 8. HP: 38/70 MP: 7/7
  2820 | D:4      | You fall into a shaft and drop 2 floors!
  2931 | D:6      | Reached skill level 5 in Armour
  3450 | D:6      | Reached skill level 5 in Maces & Flails
  3955 | D:5      | Entered Level 5 of the Dungeon
  4599 | D:4      | Noticed Ijyb
  4605 | D:4      | Killed Ijyb
  4845 | D:7      | Reached XP level 9. HP: 31/79 MP: 8/8
  5026 | D:7      | Found a hazy altar of Hepliaklqana.
  5031 | D:7      | Found a blossoming altar of Fedhas.
  5627 | D:8      | Received a gift from Trog
  6242 | D:9      | Found a shimmering blue altar of Sif Muna.
  6242 | D:9      | Found an ancient bone altar of Kikubaaqudgha.
  6244 | D:9      | Found a radiant altar of Vehumet.
  6328 | D:9      | Found a staircase to the Lair.
  6330 | D:9      | Noticed a death yak
  6330 | D:9      | Noticed a death yak
  6331 | D:9      | Noticed a death yak
  6339 | D:9      | Noticed a two-headed ogre
  6348 | D:9      | Killed a death yak
  6349 | D:9      | Reached XP level 10. HP: 76/90 MP: 9/9
  6359 | D:9      | Killed a death yak
  6369 | D:9      | Killed a death yak
  6373 | D:9      | Killed a two-headed ogre
  6441 | D:9      | Found a basalt altar of Yredelemnul.
  6966 | Lair:1   | Entered Level 1 of the Lair of Beasts
  6985 | Lair:1   | Reached XP level 11. HP: 46/99 MP: 10/10
  6986 | Lair:1   | Reached skill level 10 in Fighting
  6986 | Lair:1   | Reached skill level 10 in Axes
  7034 | Lair:1   | Found a transporter.
  7034 | Lair:1   | Noticed a soul eater
  7057 | Lair:1   | Noticed a catoblepas
  7071 | Lair:1   | HP: 2/99 [catoblepas (16)]
  7072 | Lair:1   | Slain by a catoblepas

Illustrated notes

Levels and vault maps discovered:
D:1:      lightli_molten_gateway, layout_loops_ring,
          hellmonk_ecumenical_altar_prayer_group
D:2:      minmay_kobold_bridge, layout_loops_ring, small_statue_intersection,
          serial_bayou_ford_a
D:3:      layout_loops_ring, nicolae_overflow_hallway_of_the_gods,
          small_statue_intersection, serial_bayou_lake_a
D:4:      layout_cave_pools, temple_pool_b, lightli_sewer_entry_pipes,
          guppyfry_shop_venom, uniq_natasha, uniq_ijyb, uniq_menkaure,
          uniq_sigmund
D:5:      layout_cave_pods
D:6:      layout_layer_cave, kennysheep_generic_room_5
D:7:      layout_loops_ring, fedhas_altar_3, nicolae_hepliaklqana_hazy_memory,
          bh_walls_and_bars
D:8:      layout_basic
D:9:      layout_roguey, grunt_temple_overflow_magic_moments,
          yredelemnul_altar_generic, dpeg_lair_monsters
Lair:1:   layout_cave_pods, gammafunk_ghost_abyssal_escape, grunt_megastairs_4,
          uniq_gastronok

Skill      XL: |  1  2  3  4  5  6  7  8  9 10 11 |
---------------+----------------------------------+-----
Maces & Flails | 1 2 3 4 5 7 8 9 |  9.1
Armour         | 1 2 3 4 6 7 9 |  9.3
Axes           | 4 5 6 7 8 9 10 | 10.1
Fighting       | 4 5 6 7 8 9 10 | 10.1
Dodging        | 4 5 6 7 9 |  9.2
Stealth        | |  1.5

Action                     |  1- 3 |  4- 6 |  7- 9 | 10-12 || total
---------------------------+-------+-------+-------+-------++-------
  Melee: Whip              |    67 |    67 |   359 |       ||   493
         Hand axe          |     4 |       |       |       ||     4
         Headbutt          |     6 |    15 |    70 |    22 ||   113
         Punch             |       |     1 |     3 |       ||     4
         Battleaxe         |       |       |    46 |    94 ||   140
 Invoke: Berserk           |       |     2 |     1 |     2 ||     5
         Trog's Hand       |       |       |       |     1 ||     1
   Stab: Sleeping          |     2 |     3 |     3 |       ||     8
 Armour: Robe              |     3 |       |       |       ||     3
         Troll leather arm |    12 |    19 |    78 |    14 ||   123
  Dodge: Dodged            |    41 |    28 |   298 |   102 ||   469

Table legend: (Time is in decaauts)
 A = Elapsed time spent in this place.
 B = Non-inter-level travel time spent in this place.
 C = Inter-level travel time spent in this place.
 D = Time resting spent in this place.
 E = Time spent auto-exploring this place.
 F = Levels seen in this place.
 G = Mean time per level.
                   A        B        C        D        E       F      G
               +--------+--------+--------+--------+--------+-----+--------+
         Total |   7193 |   6970 |    223 |    128 |   5407 |  11 |  653.9 |
       Dungeon |   6784 |   6562 |    222 |    121 |   5238 |   9 |  753.8 |
          Lair |     82 |     82 |      0 |      0 |     30 |   1 |   82.0 |
         Sewer |    326 |    326 |      0 |      7 |    138 |   1 |  326.0 |
               +--------+--------+--------+--------+--------+-----+--------+

Top non-repeatable levels by time:
     D:6: 1135 daAuts
     D:9: 822 daAuts
     D:7: 793 daAuts
     D:3: 755 daAuts
     D:4: 697 daAuts
     D:1: 696 daAuts
     D:2: 676 daAuts
     D:8: 621 daAuts
     D:5: 585 daAuts
   Sewer: 326 daAuts
  Lair:1: 82 daAuts
